Map: Kairos Junction LE

Players

PtitDrogo - Winner!

  • Race: Protoss Protoss
  • Spawn Location: 11:00

HellraiseR

  • Race: Protoss Protoss
  • Spawn Location: 5:00

Event: 2019 WCS Spring

VOD

Have the link to the VOD?

Description

Time

  • Played on: May 18, 2019, 10:29 a.m.
  • Length: 10:11

All games in this series

Show
View Real Time Build Order
Export as new Build Order

PtitDrogo Protoss - Winner!

Build Orders: Archon Immortal 

Get SALT Encoding   

  12  0:00  Probe  
  13  0:13  Probe  
  14  0:17  Pylon  
  14  0:23  Probe  
  15  0:31  Probe  
  15  0:38  Gateway  
  15  0:39  Probe  
  16  0:46  Assimilator  
  17  0:51  Probe  
  17  0:55  Assimilator  
  18  1:00  Probe  
  19  1:08  Probe  
  19  1:16  Gateway  
  19  1:17  Probe  
  21  1:26  Cybernetics Core  
  21  1:29  Probe  
  22  1:33  Pylon  
  22  1:41  Probe  
  23  1:53  Warp Gate  
  23  1:54  Probe  
  24  2:02  Stalker  
  24  2:03  Sentry  
  24  2:06  Probe  
  29  2:11  Pylon  
  29  2:19  Probe  
  29  2:20  Pylon  
  30  2:29  Stalker  
  32  2:32  Stalker  
  34  2:54  Nexus  
  34  3:00  Probe  
  34  3:03  Sentry  
  34  3:04  Sentry  
  39  3:12  Pylon  
  39  3:20  Robotics Facility  
  39  3:30  Probe  
  40  3:39  Probe  
  40  3:40  Adept x2  
  44  3:47  Probe  
  45  3:53  Forge  
  46  3:56  Probe  
  47  4:09  Observer, Probe  
  49  4:10  Probe  
  50  4:19  Immortal  
  50  4:21  Probe  
  50  4:22  Probe  
  52  4:33  Probe, Gateway  
  52  4:34  Probe  
  52  4:36  Protoss Ground Weapons Level 1  
  54  4:38  Pylon  
  54  4:44  Twilight Council  
  54  4:48  Probe x2  
  56  4:53  Assimilator  
  56  4:54  Immortal  
  56  4:55  Assimilator  
  60  5:07  Probe x2  
  60  5:11  Charge  
  62  5:17  Gateway  
  62  5:19  Probe  
  63  5:27  Observer, Probe  
  64  5:31  Probe  
  64  5:34  Warp Prism  
  67  5:36  Templar Archives  
  67  5:39  Probe  
  67  5:41  Gateway  
  68  5:45  Gateway  
  68  5:51  Observer  
  68  5:54  Gateway  
  68  5:59  Gateway  
  68  6:01  Pylon  
  68  6:07  Observer, Cybernetics Core  
  68  6:10  Pylon  
  68  6:13  Pylon  
  69  6:22  Stalker  
  71  6:29  Probe  
  72  6:34  Immortal  
  72  6:39  Zealot x2, High Templar x2  
  84  6:43  Protoss Ground Weapons Level 2  
  84  6:44  Archon  
  84  6:55  Nexus  
  84  6:59  Pylon  
  84  7:11  High Templar  
  84  7:12  High Templar  
  84  7:13  Zealot x3  
  94  7:16  Pylon  
  94  7:17  Pylon  
  94  7:18  Archon  
  94  7:19  Photon Cannon  
  94  7:20  Shield Battery  
  94  7:24  Immortal  
  92  7:36  Zealot x3  
  102  7:40  Zealot, Photon Cannon  
  104  7:52  Stalker x3  
  104  7:54  High Templar  
  102  8:02  Zealot  
  102  8:04  Zealot x3  
  104  8:09  Probe  
  95  8:16  Zealot x3  
  92  8:22  Probe  
  88  8:30  Probe  
  88  8:32  High Templar  
  88  8:33  Zealot x2, High Templar  
  95  8:37  Archon  
  95  8:39  Observer  
  95  8:40  Zealot  
  97  8:44  High Templar  
  97  8:45  High Templar  
  101  8:48  Archon  
  99  9:06  Immortal  
  87  9:13  Probe  
  72  9:23  Zealot x6  
  84  9:33  Zealot x2  
  88  9:41  Probe  
  88  9:43  Zealot x3  
  96  9:58  High Templar x2  
  96  9:59  Zealot, High Templar x2  
Show
View Real Time Build Order
Export as new Build Order

HellraiseR Protoss 

Build Orders:  

Get SALT Encoding   

  12  0:01  Probe  
  13  0:13  Probe  
  14  0:17  Pylon  
  14  0:23  Probe  
  15  0:31  Probe  
  16  0:38  Gateway  
  16  0:41  Probe  
  16  0:45  Assimilator  
  17  0:52  Probe  
  17  0:54  Assimilator  
  18  1:00  Probe  
  18  1:08  Probe, Gateway  
  20  1:19  Probe  
  20  1:25  Cybernetics Core  
  21  1:31  Probe  
  22  1:35  Pylon  
  22  1:43  Probe  
  23  1:55  Probe  
  24  2:01  Stalker  
  24  2:03  Stalker, Warp Gate  
  24  2:07  Probe  
  29  2:14  Pylon  
  29  2:31  Stalker  
  29  2:33  Stalker  
  29  2:34  Probe  
  33  2:59  Nexus  
  33  3:02  Probe  
  34  3:08  Sentry x2  
  38  3:15  Probe  
  38  3:18  Pylon  
  39  3:25  Robotics Facility  
  39  3:34  Probe  
  40  3:42  Probe  
  41  3:51  Probe  
  41  3:52  Twilight Council  
  41  3:55  Stalker  
  44  4:00  Stalker  
  46  4:03  Probe  
  47  4:12  Probe  
  47  4:15  Probe  
  49  4:22  Blink  
  49  4:23  Probe  
  47  4:25  Probe  
  48  4:32  Probe  
  48  4:34  Probe  
  50  4:40  Probe, Forge  
  50  4:42  Probe  
  51  4:49  Stalker  
  51  4:50  Stalker, Probe  
  57  4:53  Probe  
  57  4:58  Pylon  
  58  5:03  Probe  
  58  5:05  Probe  
  60  5:11  Warp Prism  
  60  5:12  Probe  
  62  5:18  Protoss Ground Weapons Level 1, Probe, Pylon  
  64  5:24  Stalker x2, Probe  
  69  5:31  Probe  
  69  5:34  Dark Shrine  
  70  5:36  Probe  
  71  5:43  Probe  
  71  5:46  Assimilator  
  71  5:48  Assimilator  
  73  5:51  Pylon  
  73  5:55  Stalker x2  
  76  5:58  Pylon  
  76  6:07  Pylon  
  76  6:08  Gateway  
  76  6:09  Gateway  
  76  6:23  Charge, Gateway  
  76  6:24  Gateway  
  74  6:34  Gateway  
  74  6:38  Nexus  
  74  6:50  Photon Cannon  
  74  6:53  Robotics Bay  
  74  6:59  Dark Templar x2  
  78  7:03  Probe  
  79  7:08  Pylon  
  79  7:09  Zealot x2  
  79  7:10  Shield Battery  
  79  7:13  Probe  
  84  7:19  Observer  
  84  7:20  Probe  
  86  7:24  Protoss Ground Weapons Level 2  
  86  7:25  Probe  
  87  7:32  Probe  
  88  7:37  Probe  
  89  7:46  Pylon  
  89  7:47  Stalker x4  
  97  7:57  Disruptor  
  82  8:06  Zealot x3  
  77  8:15  Pylon  
  68  8:22  Stalker  
  68  8:26  Disruptor  
  68  8:28  Stalker x2  
  68  8:32  Stalker  
  77  8:34  Probe  
  77  8:36  Pylon  
  78  8:54  Assimilator  
  78  8:55  Zealot x2, Dark Templar, Pylon  
  84  8:56  Zealot  
  82  9:14  Pylon x2  
  82  9:15  Pylon  
  65  9:29  Stalker x2  
  65  9:30  Stalker  
  68  9:36  Zealot  
  60  9:52  Zealot x3  
Tags
 
Add a new tag
Caveats
  • Supply blocks, unpowered buildings, or Contaminate may cause inaccurate times.
  • Supply counts are checked every 10 seconds.